 Dungeon Crawl Stone Soup version 0.31.0-1-g2c135a008e (webtiles) character file.

Game seed: 6362652430252298428

106 qw the Shooter (level 5, -2/40 HPs)
             Began as a Djinni Hunter on Jan 23, 2024.
             Slain by a quokka (4 damage)
             ... on level 3 of the Dungeon.
             The game lasted 00:00:07 (1762 turns).

qw the Shooter (Djinni Hunter)                      Turns: 1762, Time: 00:00:07

Health: -2/40      AC:  5    Str:  9    XL:     5   Next: 10%
Gold:   79         EV: 11    Int: 10    God:
                   SH:  0    Dex: 22

rFire   + + .        a - +0 shortbow
rCold   x . .        (shield currently unavailable)
rNeg    . . .        d - +0 ring mail
rPois   inf          (no helmet)
rElec   .            (no cloak)
rCorr   .            (no gloves)
SInv    .            (boots unavailable)
Will    .....        (no amulet)
Stlth   +            (no ring)
HPRegen 0.26/turn    (no ring)
MPRegen 0.00/turn

%: infuse magic (-3 HP)
@: flying
A: sickness immunity, fire resistance 2, cold vulnerability 1, float, innate
caster, HP casting, extra vitality 1, agile 1, wild magic 1
a: no special abilities


You were on level 3 of the Dungeon.
You visited 1 branch of the dungeon, and saw 3 of its levels.

You collected 79 gold pieces.


Innate Abilities, Weirdness & Mutations

You are immune to sickness and miasma.
You are immune to poison.
Your flesh is very heat resistant. (rF++)
You are vulnerable to cold. (rC-)
You float through the air rather than walking.
You learn spells naturally, not from books.
Your magical power is your life essence.
You have superior vitality. (+4 MHP)
You are agile. (Dex +4, Str/Int -1)
Your spells are a little harder to cast, but a little more powerful.


   Skills:
 - Level 3.0 Fighting
 + Level 4.0 Ranged Weapons
 - Level 1.3 Armour
 - Level 3.0 Dodging
 - Level 0.7 Stealth


You knew the following spells:

 Your Spells              Type           Power      Damage    Failure   Level
a - Necrotise             Necr           0%         1d4       78%         1
b - Call Imp              Summ           0%         N/A       89%         2
Your spell library was empty.

Inventory:

Hand Weapons
 a - a +0 shortbow (weapon)
Armour
 d - a +0 ring mail (worn)
Potions
 g - a potion of invisibility {unknown}

Dungeon Overview and Level Annotations

Branches:
Dungeon (3/15)

Altars:

Shops:
D:1 :


Message History

You shoot an arrow. The arrow barely misses the orc priest.
The orc priest hits you with a +0 flail of protection.
The orc hits you but does no damage. The orc hits you with a +0 war axe.
The orc priest barely misses you. The orc hits you with a +0 war axe.
The orc misses you.
You shoot an arrow. The arrow barely misses the orc priest.
The orc priest hits you with a +0 flail of protection.
The orc closely misses you. The orc hits you but does no damage.
You shoot an arrow.
The arrow closely misses the orc priest.
The orc priest hits you with a +0 flail of protection.
The orc hits you but does no damage. The orc barely misses you.
1756 ||| READING scroll of teleportation.
As you read the scroll of teleportation, it crumbles to dust.
You feel strangely unstable.
The orc priest hits you with a +0 flail of protection.
The orc hits you but does no damage. The orc barely misses you.
You shoot an arrow.
The arrow hits the orc priest but does no damage.
The orc priest is almost dead.
The orc priest barely misses you. The orc barely misses you. x3
The orc priest closely misses you. The orc hits you with a +0 war axe.
You shoot an arrow.
The arrow hits the orc priest but does no damage.
The orc priest is almost dead.
The orc priest hits you with a +0 flail of protection.
The orc hits you with a +0 war axe. The orc closely misses you.
You shoot an arrow. The arrow hits the orc priest.
You kill the orc priest!
Your surroundings suddenly seem different.
A quokka comes into view.
Your Dodging skill increases to level 3!
You have reached level 5!
The power to cast Call Imp wells up from within.
Spell assigned to 'b'.
You shoot an arrow. The arrow closely misses the quokka.
You shoot an arrow. The arrow barely misses the quokka.
You shoot an arrow. The arrow closely misses the quokka.
The quokka bites you.
You die...

#.######## #.#
############.#######
#........#..........
#........#.#.#######
#.......>'..........
#........###.#######
#........# #.#
#......r@###.##
#.#.#<#.##....#
#.#.#.#.##....########
# #.#.#.##............
#.#.#.##....########
....##....#####
#.............#
######....###.# ######
#.#


You could see a quokka.

Vanquished Creatures
  An orc priest (D:3)
  3 adders (D:2)
  A ribbon worm (D:2)
  7 endoplasms
  2 giant cockroaches
  5 goblins
  2 hobgoblins (D:2)
  6 jackals
  2 quokkas (D:2)
  2 ball pythons (D:1)
  7 bats
  2 frilled lizards (D:1)
  3 kobolds
  4 rats
47 creatures vanquished.

Notes
Turn   | Place    | Note
-------+----------+-------------------------------------------
     0 | D:1      | qw the Djinni Hunter began the quest for the Orb.
     0 | D:1      | Reached XP level 1. HP: 18/18 MP: 0/0
     0 | D:1      | 0 ||| qw: Version: 0.3-a-135-gb77e89d
     0 | D:1      | 0 ||| qw: Game counter: 828
     0 | D:1      | 0 ||| qw: Melee chars always use a shield: true
     0 | D:1      | 0 ||| qw: God list: Okawaru
     0 | D:1      | 0 ||| qw: Allow faded altars: false
     0 | D:1      | 0 ||| qw: Do Orc after clearing Dungeon:15 true
     0 | D:1      | 0 ||| qw: Do second Lair branch before Depths: true
     0 | D:1      | 0 ||| qw: Lair rune preference: random
     0 | D:1      | 0 ||| qw: Goals: Normal
     0 | D:1      | 0 ||| PLANNING D:1-11
    38 | D:1      | Reached XP level 2. HP: 23/23 MP: 0/0
   151 | D:1      | Found Ettaig's Vocational Training.
   256 | D:1      | Reached XP level 3. HP: 28/28 MP: 0/0
   256 | D:1      | Learned a level 1 spell: Necrotise
   284 | D:1      | Reached skill level 4 in Ranged Weapons
   823 | D:1      | 823 ||| UPGRADING to +0 ring mail.
   833 | D:1      | 833 ||| DROPPING +0 leather armour.
   834 | D:1      | 834 ||| READING scroll labelled AXYBRE ETIM.
   835 | D:1      | 835 ||| READING scroll labelled VUNGYOLI IPAA.
   836 | D:1      | 836 ||| DROPPING scroll of butterflies.
   878 | D:2      | 878 ||| STAIRDANCE
   988 | D:2      | Found a faded altar of an unknown god.
  1038 | D:2      | Reached skill level 1 in Armour
  1052 | D:2      | Reached XP level 4. HP: 34/34 MP: 0/0
  1361 | D:2      | Reached skill level 3 in Fighting
  1541 | D:2      | 1541 ||| READING scroll of identify.
  1541 | D:2      | 1541 ||| IDENTIFYING metallic yellow potion
  1542 | D:2      | 1542 ||| DRINKING potion of mutation.
  1542 | D:2      | Gained mutation: Your spells are a little harder to cast,
                  | but a little more powerful. [potion of mutation]
  1542 | D:2      | Gained mutation: You are agile. (Dex +4, Str/Int -1)
                  | [potion of mutation]
  1543 | D:2      | 1543 ||| READING 2 scrolls labelled JUAFEA OWUNLARR.
  1547 | D:2      | 1547 ||| READING scroll labelled ATZEYV LOUMNI.
  1548 | D:2      | 1548 ||| READING scroll labelled WUSEDUL YLUTTU.
  1549 | D:2      | 1549 ||| READING scroll labelled ASSIOL YHOLECS.
  1755 | D:3      | HP: 8/35 [orc priest/+0 flail of protection (4)]
  1756 | D:3      | 1756 ||| READING scroll of teleportation.
  1758 | D:3      | HP: 3/35 [orc priest/+0 flail of protection (4)]
  1758 | D:3      | HP: 1/35 [orc/+0 war axe (2)]
  1760 | D:3      | Reached skill level 3 in Dodging
  1760 | D:3      | Reached XP level 5. HP: 1/40 MP: 0/0
  1760 | D:3      | Learned a level 2 spell: Call Imp
  1762 | D:3      | Slain by a quokka

Levels and vault maps discovered:
D:1:      heliophobic_arrival_ceremonial_halls, layout_basic, serial_forest,
          infiniplex_forest_clump_long, infiniplex_forest_end_2,
          infiniplex_forest_straight_5, infiniplex_forest_zigzag_2,
          infiniplex_forest_lined_3, infiniplex_forest_straight_3,
          infiniplex_forest_end_1, minmay_tree_intersection,
          serial_bayou_lagoon_a, serial_bayou_pond_c, nicolae_shop_vocational
D:2:      cheibrodos_helix_gallery, layout_basic, basic_ecumenical_altar
D:3:      layout_basic, bloody_trog, nicolae_ru_awakened_eye, zin_statuary

Skill      XL: |  1  2  3  4 |
---------------+-------------+-----
Ranged Weapons | 4 |  4.0
Armour         | 1 |  1.3
Fighting       | 3 |  3.0
Dodging        | 3 |  3.0
Stealth        | |  0.7

Action                     |  1- 3 |  4- 6 || total
---------------------------+-------+-------++-------
   Fire: Shortbow          |    88 |    53 ||   141
    Use: Scroll            |     2 |     6 ||     8
         Potion            |       |     1 ||     1
 Armour: Leather armour    |     8 |       ||     8
         Ring mail         |    17 |    30 ||    47
  Dodge: Dodged            |    25 |    35 ||    60

Table legend:
 A = Non-vault XP
 B = Vault XP
 C = Vault XP percentage of total XP
 D = Non-vault monster count
 E = Vault monster count
 F = Vault count percentage of total count
                 A         B        C        D         E       F
            +---------+---------+-------+---------+---------+-------
      Total |     149 |       3 |   2.0 |      45 |       2 |   4.3
            +---------+---------+-------+---------+---------+-------
        D:1 |      41 |       0 |   0.0 |      27 |       0 |   0.0
        D:2 |      66 |       3 |   4.3 |      16 |       2 |  11.1
        D:3 |      42 |       0 |   0.0 |       2 |       0 |   0.0
            +---------+---------+-------+---------+---------+-------
